Cogmind - Beta 15 --- EXPLORER MODE // 2025.05.17 @ 18:19:45 Player: swetpototo Result: Destroyed by S-43 Plague with Heavy Machine Gun Performance ------------- Evolutions (9) 4500 Regions Visited (11) 2200 Robots Destroyed (80) 400 Value Destroyed (3812) 3812 Prototype IDs (8) 160 Alien Tech Used (0) 0 Bonus (1332) 1332 TOTAL SCORE: 12404 Bonus ------- High Alert Combat Kills 132 Entered Garrisons 200 Entered DSFs 1000 Cogmind --------- Core Integrity 0/1600 Matter 290/300 Energy 99/100 System Corruption 4% Temperature Cool (0) Movement Core (50) Location -1/Access Parts ------- > --- POWER (2) -------- (None) > --- PROPULSION (8) --- (None) > --- UTILITY (12) ----- (None) > --- WEAPON (4) ------- (None) > --- INVENTORY (5) ---- Light Antimatter Reactor Experimental Energy Well (600) Peak State ------------ > --- POWER ------------ Micro Antimatter Reactor Improved Quantum Reactor > --- PROPULSION ------- Improved Antigrav System Improved Gyrokinetic Inverter Cooled Antigrav System Cooled Antigrav System Cooled Antigrav System Combat Antigrav System Antigrav Array > --- UTILITY ---------- Coolant Network Experimental Energy Well Experimental Energy Well Experimental Energy Well Advanced Sensor Array Advanced Signal Interpreter Hardened Medium Armor Plating Advanced Corruption Screen Recalibrator Recalibrator Recalibrator > --- WEAPON ----------- Compact HERF Cannon Enhanced Nova Cannon Enhanced Nova Cannon > --- INVENTORY -------- (None) [Rating: 187] Favorites ----------- Power Nuclear Core Engine Light Ion Engine Power Core Nuclear Core Reactor Micro Antimatter Reactor Propulsion Subdweller Monowheel Treads Improved Treads Leg Carbon-fiber Leg Wheel Subdweller Monowheel Hover Unit Cooled Antigrav System Flight Unit Impulse Thruster Array Utility Advanced Heat Sink Device Advanced Heat Sink Storage Experimental Energy Well Processor Advanced Corruption Screen Hackware Hacking Suite Protection Makeshift Light Armor Plating Weapon Advanced Plasma Cannon Energy Gun Gamma Rifle Energy Cannon Advanced Plasma Cannon Ballistic Gun Assault Rifle Ballistic Cannon Battle Cannon Launcher Subdweller Shrapnel Launcher Impact Weapon Maul Build | -11 -10 -10 -7 -5 -5 -5 -4 -4 -3 -2 -1 ------- Run | Yrd Mat Sub Rec Fac DSF Gar Fac DSF Res Res Acc Slots Evolved 19 | . 1 . . 10 . . 2 . 2 2 2 Power 1 | . 1 . . . . . . . . . . Propulsion 6 | . . . . 2 . . . . 2 2 . Utility 10 | . . . . 6 . . 2 . . . 2 Weapon 2 | . . . . 2 . . . . . . . Parts Attached 124 | . 3 9 2 . 9 17 1 3 46 11 23 Power 12 | . . 3 1 . . 1 . . 5 1 1 Engine 3 | . . 2 . . . . . . 1 . . Core 3 | . . 1 1 . . 1 . . . . . Reactor 6 | . . . . . . . . . 4 1 1 Propulsion 42 | . 2 3 . . 2 3 1 3 13 4 11 Treads 6 | . . . . . . 2 . 3 1 . . Leg 6 | . . . . . . 1 1 . 4 . . Wheel 7 | . 2 3 . . 2 . . . . . . Hover 15 | . . . . . . . . . 8 4 3 Flight 8 | . . . . . . . . . . . 8 Utility 47 | . 1 . 1 . 5 7 . . 21 4 8 Device 29 | . . . . . 2 5 . . 12 3 7 Storage 6 | . 1 . 1 . . . . . 4 . . Processor 3 | . . . . . . . . . 2 1 . Hackware 1 | . . . . . . . . . 1 . . Protection 8 | . . . . . 3 2 . . 2 . 1 Artifact . | . . . . . . . . . . . . Weapon 23 | . . 3 . . 2 6 . . 7 2 3 Energy Gun 1 | . . . . . . . . . 1 . . Energy Cannon 14 | . . . . . 1 5 . . 5 1 2 Ballistic Gun 2 | . . 1 . . 1 . . . . . . Ballistic Cannon 3 | . . 1 . . . . . . 1 . 1 Launcher 2 | . . 1 . . . . . . . 1 . Special Weapon . | . . . . . . . . . . . . Impact Weapon 1 | . . . . . . 1 . . . . . Slashing Weapon . | . . . . . . . . . . . . Piercing Weapon . | . . . . . . . . . . . . Special Melee Weapon . | . . . . . . . . . . . . Unidentified Prototypes 6 | . . . . . . . . . 5 1 . Parts Lost 83 | . . 4 . . 1 4 . 9 27 4 34 Power 12 | . . 3 . . . . . 2 3 . 4 Propulsion 24 | . . . . . . 2 . 1 7 3 11 Utility 32 | . . . . . 1 2 . 4 11 . 14 Weapon 15 | . . 1 . . . . . 2 6 1 5 Highest Loss Streak 11 | . . 2 . . 1 2 . 6 5 2 11 To Critical Strikes 1 | . . . . . . . . . . 1 . Average Backups 14 | . 7 16 11 11 11 20 26 27 11 4 2 Power . | . 1 . . . . 1 2 2 . . . Propulsion 3 | . 2 7 3 3 1 1 4 6 3 2 1 Utility 2 | . 3 6 4 5 . 1 3 1 1 . . Weapon 7 | . 1 1 2 3 9 15 16 18 6 . . Tool/Special . | . . . . . . . . . . . . Unused Backups 35 | . 5 5 8 . . . . . 14 1 2 Power 4 | . 1 1 . . . . . . . . 2 Propulsion 6 | . . 1 4 . . . . . 1 . . Utility 10 | . 2 2 3 . . . . . 3 . . Weapon 14 | . 2 1 1 . . . . . 9 1 . Tool/Special 1 | . . . . . . . . . 1 . . Average Slot Usage (%) 78 | . 87 88 84 38 80 91 85 78 69 68 43 Engine 4 | . 12 10 12 5 5 . . . 2 . . Core 4 | . . 2 7 5 5 10 10 6 . . . Reactor 1 | . . . . . . . . . 3 8 4 Treads 4 | . . . . . . 5 10 10 10 . . Leg 2 | . 18 . . . . 3 5 4 2 . . Wheel 10 | . 6 25 25 11 21 11 5 5 . . . Hover 4 | . . . . . . . . . 7 22 10 Device 9 | . . . . . 6 15 15 17 16 8 7 Storage 8 | . 12 12 12 5 5 5 5 5 10 12 4 Processor 1 | . . . . . . . . . 2 6 1 Protection 8 | . 12 12 1 . 13 15 15 14 2 4 2 Energy Cannon 8 | . . . . . 4 20 20 16 6 4 3 Ballistic Gun 5 | . 25 23 . . 4 . . . . . . Ballistic Cannon 1 | . . . 12 5 5 . . . 1 . 1 Launcher 1 | . . . 12 5 5 . . . . 1 . Peak Build Rating 187 | . 8 15 16 16 48 80 88 97 167 171 187 Average Rating 73 | . 7 11 14 16 44 75 86 82 117 147 105 On Entrance 50 | 7 7 8 13 16 16 46 80 88 52 116 157 Naked Turns 25 | . . . . . . . . . . . 25 Heaviest Build 286 | 17 47 57 223 223 263 286 275 285 237 69 88 Greatest Support 183 | 20 32 40 32 32 72 72 20 20 183 105 105 Greatest Overweight (x) 21 | . 1 3 6 6 3 13 13 14 21 1 1 Average Overweight (x) 2 | . . 1 5 6 3 8 13 12 . . . Largest Inventory Capacity 35 | . 20 20 35 35 35 35 35 35 35 5 5 Average Capacity 21 | . 12 20 33 35 35 35 35 35 13 5 5 Most Carried 34 | . 11 20 20 12 16 23 29 29 34 5 5 Average Carried 14 | . 7 17 12 12 11 20 26 27 11 4 2 Final Capacity 35 | 10 20 20 35 35 35 35 35 35 5 5 5 Final Carried 29 | 7 11 20 12 12 16 23 29 29 5 5 2 Class Distribution -------------------- 42% | Hacker-Mutant 29% | Scavenger-Tank 12% | Hauler-Mutant 7% | Hauler-Tank Dominant Class ---------------- Hacker-Mutant | -10/Materials Hacker-Mutant | -10/Subcaves Hauler-Mutant | -7/Recycling Hauler-Mutant | -5/Factory Hauler-Tank | -5/DSF Scavenger-Tank | -5/Garrison Scavenger-Tank | -4/Factory Scavenger-Tank | -4/DSF Hauler-Mutant | -3/Research Hacker-Mutant | -2/Research Hacker-Mutant | -1/Access Resources | -11 -10 -10 -7 -5 -5 -5 -4 -4 -3 -2 -1 ----------- Run | Yrd Mat Sub Rec Fac DSF Gar Fac DSF Res Res Acc Matter Collected 2114 | 200 42 226 75 . 97 304 10 9 755 112 284 Remotely . | . . . . . . . . . . . . Salvage Created 4363 | . 63 333 . . . 1459 . . 1705 228 575 Parts 211 | . 7 31 . . . 45 . . 96 7 25 Haulers Intercepted 2 | . . . . . . . . . 2 . . Recyclers Shooed 4 | . . . . . . . . . 2 2 . Parts Field Recycled . | . . . . . . . . . . . . Retrieved Matter . | . . . . . . . . . . . . Parts Self-Destructed . | . . . . . . . . . . . . Prevented . | . . . . . . . . . . . . Kills | -11 -10 -10 -7 -5 -5 -5 -4 -4 -3 -2 -1 ------- Run | Yrd Mat Sub Rec Fac DSF Gar Fac DSF Res Res Acc Combat Hostiles Destroyed 62 | . 2 9 . . . 23 . . 16 . 12 Melee 1 | . . . . . . 1 . . . . . Guns 11 | . 2 9 . . . . . . . . . Cannons 42 | . . . . . . 17 . . 15 . 10 Classes Destroyed 15 | . 2 2 . . . 5 . . 5 . 1 Worker 4 | . . . . . . . . . 2 2 . Builder 6 | . . . . . . . . . 3 3 . Tunneler 2 | . 1 . . . . . . . 1 . . Hauler 2 | . . . . . . . . . 2 . . Recycler 3 | . . . . . . . . . 2 1 . Watcher 1 | . . . . . . . . . . . 1 Swarmer 12 | . 2 2 . . . . . . . . 8 Cutter 2 | . . . . . . 2 . . . . . Grunt 20 | . . 2 . . . 12 . . 5 . 1 Duelist 3 | . . . . . . 2 . . . . 1 Sentry 4 | . . . . . . 4 . . . . . Hunter 4 | . . . . . . 2 . . 2 . . Programmer 11 | . . . . . . . . . 9 . 2 Behemoth 1 | . . . . . . 1 . . . . . Subdweller 5 | . . 5 . . . . . . . . . Best Kill Streak 8 | . 2 2 . . . 4 . . 8 4 5 Combat Bots Only 6 | . 2 2 . . . 4 . . 6 . 5 Max Kills in Single Turn 2 | . 1 1 . . . 1 . . 2 1 1 Gunslinging . | . . . . . . . . . . . . Exploded . | . . . . . . . . . . . . Melee 1 | . . . . . . 1 . . . . . Uniques/NPCs Destroyed . | . . . . . . . . . . . . Combat | -11 -10 -10 -7 -5 -5 -5 -4 -4 -3 -2 -1 -------- Run | Yrd Mat Sub Rec Fac DSF Gar Fac DSF Res Res Acc Hostile Shots Fired 1507 | . 4 119 . . 5 114 . 217 448 71 529 Missed 552 | . 1 49 . . 3 31 . 67 149 35 217 Hits 955 | . 3 70 . . 2 83 . 150 299 36 312 Melee 3 | . . . . . . 3 . . . . . Projectile 952 | . 3 70 . . 2 80 . 150 299 36 312 AOE 2 | . . . . . . 1 . . . . 1 Critical Strikes 49 | . . . . . 1 3 . 4 29 4 8 Actively Blocked 1 | . . . . . . . . . 1 . . Part Disruptions 5 | . . . . . . . . . 5 . . Damage Taken 13427 | . 26 549 3 . 98 1244 . 1733 4801 540 4433 Core 3003 | . 9 121 . . . 298 . 213 727 30 1605 Absorbed by Shields 151 | . . . . . . . . 101 . . 50 Redirected to Shielding 262 | . 1 26 . . . . . . 155 . 80 Ignored by Resistances 7642 | . 10 352 . . 54 787 . 1136 2486 271 2546 Core Remaining (%) 73 | 100 . . 48 . . 70 . 81 44 97 . Volleys Fired 175 | . 3 40 . . . 38 . . 53 12 29 Largest 4 | . 2 2 . . . 4 . . 4 1 3 Hottest 392 | . 40 60 . . . 392 . . 353 94 360 Shots Fired 397 | . 6 74 . . . 139 . . 128 12 38 Gun 89 | . 6 67 . . . 2 . . 14 . . Cannon 304 | . . 5 . . . 137 . . 114 10 38 Launcher 4 | . . 2 . . . . . . . 2 . Special . | . . . . . . . . . . . . Kinetic 133 | . 6 74 . . . 4 . . 34 . 15 Thermal 202 | . . . . . . 135 . . 44 . 23 Explosive 2 | . . . . . . . . . . 2 . Electromagnetic 60 | . . . . . . . . . 50 10 . Robot Hit Streak 51 | . 4 35 . . . 25 . . 51 4 8 Robot Miss Streak 2 | . 1 1 . . . 2 . . 2 1 2 Penetration Max 1 | . . . . . . . . . 1 . . Secondary Targets 1 | . . 1 . . . . . . . . . Max Gunslinging Chain 1 | . . 1 . . . . . . . . . Shots Hit Robots 291 | . 4 49 . . . 102 . . 105 6 25 Core Hits 124 | . 3 22 . . . 39 . . 41 6 13 Critical Kills 16 | . . . . . . 3 . . 13 . . Critical Parts Destroyed 9 | . . . . . . 1 . . 8 . . Critical Strikes 29 | . . . . . . 4 . . 24 1 . Meltdown 4 | . . . . . . 3 . . 1 . . Destroy 20 | . . . . . . . . . 20 . . Corrupt 4 | . . . . . . . . . 3 1 . Smash 1 | . . . . . . 1 . . . . . Melee Attacks 3 | . . . . . . 3 . . . . . Impact 3 | . . . . . . 3 . . . . . Slashing . | . . . . . . . . . . . . Piercing . | . . . . . . . . . . . . Sneak Attacks . | . . . . . . . . . . . . Combat Hostiles . | . . . . . . . . . . . . Follow-up Attacks . | . . . . . . . . . . . . Damage Inflicted 9423 | . 74 538 7 . . 3354 . 13 3546 411 1480 Guns 787 | . 49 530 . . . 29 . . 179 . . Cannons 7358 | . . . . . . 3241 . . 2678 257 1182 Explosions . | . . . . . . . . . . . . Melee 62 | . . . . . . 62 . . . . . Ramming 1216 | . 25 8 7 . . 22 . 13 689 154 298 Kinetic 1618 | . 49 530 . . . 73 . . 578 . 388 Thermal 5549 | . . . . . . 3197 . . 1558 . 794 Explosive . | . . . . . . . . . . . . Electromagnetic 978 | . . . . . . . . . 721 257 . Impact 62 | . . . . . . 62 . . . . . Slashing . | . . . . . . . . . . . . Piercing . | . . . . . . . . . . . . Highest Corruption 33 | . . . . . . . . 1 33 4 4 Average Corruption 15 | . . . . . . . . 1 18 2 1 Corruption Purged 5 | . . . . . . . . . 5 . . Corruption Blocked 9 | . . . . . . . . . 3 . 6 Effects 52 | . . . . . . . . . 48 1 3 Message Errors 7 | . . . . . . . . . 7 . . Matter Fused 11 | . . . . . . . . . 9 1 1 Heat Flow Errors 4 | . . . . . . . . . 3 . 1 Energy Discharges 3 | . . . . . . . . . 3 . . Data Loss (minor) 4 | . . . . . . . . . 3 . 1 Data Loss (major) 2 | . . . . . . . . . 2 . . Misfires 4 | . . . . . . . . . 4 . . Alerts 1 | . . . . . . . . . 1 . . Misdirections 14 | . . . . . . . . . 14 . . Weapon Failures 2 | . . . . . . . . . 2 . . Overload Shots . | . . . . . . . . . . . . Overflow Damage 478 | . 5 . . . . 123 . . 125 62 163 Projectiles 232 | . . . . . . 93 . . 35 20 84 Explosions . | . . . . . . . . . . . . Melee 246 | . 5 . . . . 30 . . 90 42 79 Knockbacks 19 | . . 1 . . . . . . 11 2 5 Impact 12 | . . 1 . . . . . . 7 2 2 Kinetic 6 | . . . . . . . . . 4 . 2 Secondary 1 | . . . . . . . . . . . 1 Self-Inflicted Damage 611 | . 12 15 3 . . 11 . 6 335 82 147 Shots 2 | . . 1 . . . . . . . 1 . Rammed 55 | . 1 1 1 . . 1 . 1 39 4 7 Targets Rammed 55 | . 1 1 1 . . 1 . 1 39 4 7 Kicked . | . . . . . . . . . . . . Crushed . | . . . . . . . . . . . . Highest Temperature 778 | . . . . . . 778 . . 681 278 264 Average Temperature 229 | . . . . . . 256 . . 280 126 120 Received Heat Transfer 2324 | . . 366 . . . 558 . 662 387 63 288 Effects 47 | . . . . . . 40 . . 7 . . Shutdowns 20 | . . . . . . 16 . . 4 . . Energy Bleed 5 | . . . . . . 5 . . . . . Interference 12 | . . . . . . 12 . . . . . Matter Decay 4 | . . . . . . 2 . . 2 . . Short Circuit 2 | . . . . . . 2 . . . . . Damage (minor) 1 | . . . . . . 1 . . . . . Damage (core) 3 | . . . . . . 2 . . 1 . . Siege Activations . | . . . . . . . . . . . . Martial Activations . | . . . . . . . . . . . . Shielding Activations . | . . . . . . . . . . . . Robots Disrupted . | . . . . . . . . . . . . Combat Hostiles . | . . . . . . . . . . . . Robots Corrupted 7 | . 1 . . . . 1 . . 2 1 2 Combat Hostiles 3 | . . . . . . 1 . . . . 2 Parts Fried 21 | . 3 . . . . 2 . . 6 5 5 Impact Corruptions 16 | . 1 . . . . 2 . . 6 2 5 Robots Melted 5 | . . . . . . 4 . . 1 . . Combat Hostiles 5 | . . . . . . 4 . . 1 . . Parts Melted 25 | . . . . . . 19 . . 6 . . Heat Transferred 7124 | . . . . . . 4824 . . 1634 . 666 Parts Sabotaged . | . . . . . . . . . . . . Parts Stolen . | . . . . . . . . . . . . Parts Stripped . | . . . . . . . . . . . . Power Chain Reactions . | . . . . . . . . . . . . Alert | -11 -10 -10 -7 -5 -5 -5 -4 -4 -3 -2 -1 ------- Run | Yrd Mat Sub Rec Fac DSF Gar Fac DSF Res Res Acc Maximum Alert Level 3 | . . . . . . 3 1 . . . 1 Low Security (%) 74 | . 100 . 100 100 100 16 49 100 100 100 96 Level 1 10 | . . . . . . 26 50 . . . 3 Level 2 14 | . . . . . . 54 . . . . . Level 3 . | . . . . . . 3 . . . . . Level 4 . | . . . . . . . . . . . . Level 5 . | . . . . . . . . . . . . High Security . | . . . . . . . . . . . . Max Security . | . . . . . . . . . . . . Peak Influence 797 | . 50 . 5 . 30 797 310 56 136 174 221 Initial 310 | . . . 5 . . 17 310 56 . 2 74 Average 151 | . 9 . . . 6 426 206 42 30 9 115 Influence Increases 2889 | . 63 195 . . 30 820 21 . 663 335 762 Destroy 0b10 Robot/C 1140 | . 40 80 . . . 460 . . 320 . 240 Destroy 0b10 Robot/NC 90 | . 5 . . . . . . . 50 30 5 Destroy Leader 206 | . 10 10 . . . 60 . . 84 . 42 Successful Hack 74 | . 8 . . . . 10 21 . . 7 28 Disable Machine 12 | . . . . . . 4 . . 4 4 . Anti-Garrison Action 200 | . . . . . . 200 . . . . . Destroy Structure 117 | . . . . . . 11 . . 10 69 27 Partial Spotted 75 | . . . . . . . . . 30 45 . Lose Combat Pursuer 975 | . . 105 . . 30 75 . . 165 180 420 Influence Decreases 2738 | . 53 190 15 . . 53 712 106 656 178 775 Entered New Map 662 | . . 7 10 . . 13 487 50 . 5 90 Time Decay 1455 | . 53 153 5 . . . 225 . 521 153 345 Lost Part 621 | . . 30 . . . 40 . 56 135 20 340 Squads Dispatched 22 | . . . . . 1 . . 1 5 5 10 Investigation 3 | . . . . . . . . . . 1 2 Extermination 9 | . . . . . . . . . 5 1 3 Reinforcement 7 | . . . . . 1 . . 1 . 3 2 Assault . | . . . . . . . . . . . . Garrison 3 | . . . . . . . . . . . 3 Intercept . | . . . . . . . . . . . . Searches Triggered . | . . . . . . . . . . . . Construction Impeded 1 | . . . . . . . . . . 1 . Haulers Reinforced 2 | . . . . . . . . . . 1 1 Active Scanning Responses . | . . . . . . . . . . . . Cargo Convoy Interrupts . | . . . . . . . . . . . . Stealth | -11 -10 -10 -7 -5 -5 -5 -4 -4 -3 -2 -1 --------- Run | Yrd Mat Sub Rec Fac DSF Gar Fac DSF Res Res Acc Distress Signals 7 | . . . . . . . . . 4 1 2 Communications Jammed . | . . . . . . . . . . . . Distress Signals . | . . . . . . . . . . . . Times Spotted 193 | . 2 16 . . 1 24 . 6 47 23 74 Peak Tracking Total 22 | . 2 3 . . 2 5 . 4 7 15 22 Tactical Retreats 31 | . . 4 . . 2 4 . . 7 4 10 Traps | -11 -10 -10 -7 -5 -5 -5 -4 -4 -3 -2 -1 ------- Run | Yrd Mat Sub Rec Fac DSF Gar Fac DSF Res Res Acc Traps Triggered 12 | . . . . . 1 2 . 4 1 4 . Indirectly . | . . . . . . . . . . . . Trap Hack Attempts . | . . . . . . . . . . . . Triggered . | . . . . . . . . . . . . Disarmed . | . . . . . . . . . . . . Reprogrammed . | . . . . . . . . . . . . Reused . | . . . . . . . . . . . . Traps Extracted . | . . . . . . . . . . . . Installed . | . . . . . . . . . . . . Triggered . | . . . . . . . . . . . . Machines | -11 -10 -10 -7 -5 -5 -5 -4 -4 -3 -2 -1 ---------- Run | Yrd Mat Sub Rec Fac DSF Gar Fac DSF Res Res Acc Machines Disabled 5 | . . 1 . . . 2 . . 1 1 . Max in Single Turn 1 | . . 1 . . . 1 . . 1 1 . Garrison Access 1 | . . . . . . . . . . 1 . Garrison Relay 1 | . . . . . . 1 . . . . . Machines Repaired . | . . . . . . . . . . . . Machines Dismantled . | . . . . . . . . . . . . Machines Sabotaged . | . . . . . . . . . . . . Overloaded Fab Kills . | . . . . . . . . . . . . Hacking | -11 -10 -10 -7 -5 -5 -5 -4 -4 -3 -2 -1 --------- Run | Yrd Mat Sub Rec Fac DSF Gar Fac DSF Res Res Acc Machines Accessed 15 | . 1 . 1 1 . 2 2 . . 4 4 Terminals 12 | . 1 . 1 1 . 2 2 . . 2 3 Fabricators . | . . . . . . . . . . . . Repair Stations . | . . . . . . . . . . . . Recycling Units . | . . . . . . . . . . . . Scanalyzers . | . . . . . . . . . . . . Garrison Access 3 | . . . . . . . . . . 2 1 Total Hacks 37 | . 10 . 2 2 . 4 3 . . 8 8 Successful 14 | . 4 . . 1 . 2 2 . . 3 2 Failed 23 | . 6 . 2 1 . 2 1 . . 5 6 Catastrophic 3 | . 1 . . . . . . . . 1 1 Database Lockouts . | . . . . . . . . . . . . Manual 14 | . 5 . . . . 1 . . . 4 4 Terminals 32 | . 10 . 2 2 . 4 3 . . 5 6 Fabricators . | . . . . . . . . . . . . Repair Stations . | . . . . . . . . . . . . Recycling Units . | . . . . . . . . . . . . Scanalyzers . | . . . . . . . . . . . . Garrison Access 5 | . . . . . . . . . . 3 2 Terminal Hacks 11 | . 3 . . 1 . 2 2 . . 2 1 Prototype ID Bank 1 | . 1 . . . . . . . . . . Open DSF 2 | . . . . 1 . . 1 . . . . Level Access Points 3 | . . . . . . . 1 . . 1 1 Emergency Access Points 1 | . . . . . . 1 . . . . . Patrol Status 1 | . 1 . . . . . . . . . . Registered Components 1 | . 1 . . . . . . . . . . Zone Layout 1 | . . . . . . . . . . 1 . Patrol Navigation 1 | . . . . . . 1 . . . . . Fabricator Hacks . | . . . . . . . . . . . . Repair Station Hacks . | . . . . . . . . . . . . Recycling Unit Hacks . | . . . . . . . . . . . . Scanalyzer . | . . . . . . . . . . . . Garrison Access Hacks 1 | . . . . . . . . . . 1 . Seal Access 1 | . . . . . . . . . . 1 . Unauthorized Hacks 2 | . 1 . . . . . . . . . 1 Terminals 2 | . 1 . . . . . . . . . 1 Botnet 2 | . 1 . . . . . . . . . 1 Fabricators . | . . . . . . . . . . . . Repair Stations . | . . . . . . . . . . . . Recycling Units . | . . . . . . . . . . . . Scanalyzers . | . . . . . . . . . . . . Garrison Access . | . . . . . . . . . . . . Data Cores Recovered . | . . . . . . . . . . . . Used . | . . . . . . . . . . . . Hacking Detections 10 | . 1 . 1 . . 1 1 . . 2 4 Full Trace Events 3 | . . . . . . 1 . . . . 2 Feedback Events . | . . . . . . . . . . . . Feedback Blocked . | . . . . . . . . . . . . Robot Schematics Acquired . | . . . . . . . . . . . . Robots Built . | . . . . . . . . . . . . Authchips . | . . . . . . . . . . . . Time . | . . . . . . . . . . . . Total Robot Build Rating . | . . . . . . . . . . . . Part Schematics Acquired . | . . . . . . . . . . . . Parts Built . | . . . . . . . . . . . . Authchips . | . . . . . . . . . . . . Time . | . . . . . . . . . . . . Total Part Build Rating . | . . . . . . . . . . . . Parts Repaired . | . . . . . . . . . . . . Time . | . . . . . . . . . . . . Parts Recycled . | . . . . . . . . . . . . Recycled Matter . | . . . . . . . . . . . . Retrieved Matter . | . . . . . . . . . . . . Retrieved Components . | . . . . . . . . . . . . Parts Scanalyzed . | . . . . . . . . . . . . Part Schematics Acquired . | . . . . . . . . . . . . Parts Damaged . | . . . . . . . . . . . . Bothacking | -11 -10 -10 -7 -5 -5 -5 -4 -4 -3 -2 -1 ------------ Run | Yrd Mat Sub Rec Fac DSF Gar Fac DSF Res Res Acc Used RIF Installer . | . . . . . . . . . . . . Robots Hacked . | . . . . . . . . . . . . Non-combat . | . . . . . . . . . . . . Combat . | . . . . . . . . . . . . Robot Hacks Applied . | . . . . . . . . . . . . Relay Couplers Released 3 | . . . . . . 3 . . . . . Machine Destruction 3 | . . . . . . 3 . . . . . Fabnet Peak Effective % . | . . . . . . . . . . . . Robots Rewired . | . . . . . . . . . . . . Allies Hacked . | . . . . . . . . . . . . Hacks Repelled . | . . . . . . . . . . . . Allies | -11 -10 -10 -7 -5 -5 -5 -4 -4 -3 -2 -1 -------- Run | Yrd Mat Sub Rec Fac DSF Gar Fac DSF Res Res Acc Total Allies . | . . . . . . . . . . . . Largest Group . | . . . . . . . . . . . . Highest-Rated Group . | . . . . . . . . . . . . Highest-Rated Ally . | . . . . . . . . . . . . Initial Warlord ECA Mod 5 | . . . . . . . 2 2 1 . . Total Orders . | . . . . . . . . . . . . Ally Attacks . | . . . . . . . . . . . . Total Damage . | . . . . . . . . . . . . Kills . | . . . . . . . . . . . . Allies Corrupted . | . . . . . . . . . . . . Allies Melted . | . . . . . . . . . . . . Intel | -11 -10 -10 -7 -5 -5 -5 -4 -4 -3 -2 -1 ------- Run | Yrd Mat Sub Rec Fac DSF Gar Fac DSF Res Res Acc Active Infowar (turns) 835 | . . . . . 117 301 . . . 317 100 Sensors 417 | . . . . . . . . . . 317 100 Traps 418 | . . . . . 117 301 . . . . . Robot Analysis Total . | . . . . . . . . . . . . Derelict Logs Recovered 1 | . . 1 . . . . . . . . . Drone Launches . | . . . . . . . . . . . . Drone Recoveries . | . . . . . . . . . . . . Exploration | -11 -10 -10 -7 -5 -5 -5 -4 -4 -3 -2 -1 ------------- Run | Yrd Mat Sub Rec Fac DSF Gar Fac DSF Res Res Acc Turns Passed 5870 | . 195 1197 354 8 124 1242 317 261 1265 433 474 Spaces Moved 4506 | 1 119 851 195 5 72 544 130 98 992 711 788 Core 43 | . . . . . . . . . 1 . 42 Treads 262 | . . . . . . . . . 262 . . Legs 82 | 1 80 . . . . . . . 1 . . Wheels 1960 | . 39 851 195 5 72 544 130 98 26 . . Hover 1741 | . . . . . . . . . 702 711 328 Flight 418 | . . . . . . . . . . . 418 Fastest Speed 14 | 120 100 115 115 190 141 141 240 210 14 34 36 Average Speed 107 | 120 118 123 175 190 141 191 240 235 92 46 45 Slowest Speed 1100 | 120 120 145 190 190 141 240 240 250 1100 98 122 Overloaded Moves 71 | . . . . . . . . . 71 . . Propulsion Burnouts . | . . . . . . . . . . . . Robots Hopped 20 | . . . . . . . . . . . 20 Potential Cave-ins . | . . . . . . . . . . . . Cave-ins Triggered . | . . . . . . . . . . . . Exploration Rate (%) 34 | 2 15 44 44 . 66 42 3 86 31 20 23 Regions Visited 11 Branch Regions 2 Pre-discovered Areas . | . . . . . . . . . . . . Known Exits Taken 8 | 1 1 1 1 1 . . 1 . 1 1 . Unknown Exits Taken . | . . . . . . . . . . . . Scrap Searched . | . . . . . . . . . . . . Spaces Dug 11 | . . 11 . . . . . . . . . Terrain Destroyed 91 | . . 30 . . . 3 . . 4 45 9 Melee . | . . . . . . . . . . . . Projectile 16 | . . . . . . 3 . . 4 . 9 AOE 75 | . . 30 . . . . . . . 45 . Terrain Rammed . | . . . . . . . . . . . . Walls Destroyed . | . . . . . . . . . . . . Machines Disabled . | . . . . . . . . . . . . Actions | -11 -10 -10 -7 -5 -5 -5 -4 -4 -3 -2 -1 --------- Run | Yrd Mat Sub Rec Fac DSF Gar Fac DSF Res Res Acc Total 5178 | . 168 926 208 4 94 644 135 127 1227 799 846 Wait 184 | . 38 8 . . . 34 . 3 54 47 . Move 4457 | . 118 850 194 4 71 541 129 97 991 710 752 Hop 16 | . . . . . . . . . . . 16 Pick Up 64 | . 2 11 9 . 14 2 5 . 13 2 6 Fast Attach 89 | . 2 3 1 . . 10 . 3 43 11 16 Attach 31 | . . 1 1 . 9 1 . 2 9 . 8 Detach 22 | . 2 . . . . 4 . 2 8 1 5 Swap 20 | . 1 7 . . . 10 1 . . 1 . Drop 37 | . 1 5 2 . . . . . 17 5 7 Fire 175 | . 3 40 . . . 38 . . 53 12 29 Melee 3 | . . . . . . 3 . . . . . Ram 55 | . 1 1 1 . . 1 . 1 39 4 7 Kick . | . . . . . . . . . . . . Crush . | . . . . . . . . . . . . Escape Stasis 25 | . . . . . . . . 19 . 6 . Rewire . | . . . . . . . . . . . . Trap . | . . . . . . . . . . . . Miscellaneous . | . . . . . . . . . . . . Route ------- -11/Scrapyard -10/Materials -10/Subcaves (discovered 2 exits: *Mat / *Rec) -7/Recycling -5/Factory -5/DSF -5/Garrison (discovered 2 exits: *Fac x2) -4/Factory (discovered 5 exits: Res x4 / DSF) -4/DSF -3/Research -2/Research (discovered 3 exits: *Acc x3) -1/Access (discovered 1 exit: Sur) History --------- Turn | Location | Event 1 | -11/Scrapyard | Identified exit to Materials 1 | -11/Scrapyard | Discovered exit to Materials (range 0) 1 | -11/Scrapyard | Entered Materials 1 | -10/Materials | Evolved 1 slot: Power x1 94 | -10/Materials | Identified exit to Subcaves 94 | -10/Materials | Discovered exit to Subcaves (range 7) 196 | -10/Materials | Entered Subcaves 197 | -10/Subcaves | Approached by a straggling Scientist 202 | -10/Subcaves | Learned Materials garrison access intel 306 | -10/Subcaves | Build established: Hacker-Mutant 393 | -10/Subcaves | Shifting Twisted Machinery released Sub. Laser 870 | -10/Subcaves | Shifting Twisted Machinery released Mak. Thermal Plating 898 | -10/Subcaves | Shifting Twisted Machinery released Battle Cannon 963 | -10/Subcaves | Shifting Twisted Machinery released Barrage Gun 1120 | -10/Subcaves | Identified exit to Recycling 1120 | -10/Subcaves | Discovered exit to Recycling (range 14) 1358 | -10/Subcaves | Identified exit to Materials 1358 | -10/Subcaves | Discovered exit to Materials (range 8) 1386 | -10/Subcaves | Core integrity fell below 50% 1393 | -10/Subcaves | Entered Recycling 1738 | -7/Recycling | Build established: Hauler-Mutant 1738 | -7/Recycling | Identified exit to Factory 1738 | -7/Recycling | Discovered exit to Factory (range 5) 1747 | -7/Recycling | Entered Factory 1747 | -5/Factory | Evolved 10 slots: Propulsion x2, Utility x6, Weapon x2 1755 | -5/Factory | Identified exit to DSF 1755 | -5/Factory | Entered DSF 1816 | -5/DSF | Additional patrols routed to DSF 1863 | -5/DSF | Identified exit to Garrison 1863 | -5/DSF | Discovered exit to Garrison (range 11) 1879 | -5/DSF | Entered Garrison 1971 | -5/Garrison | Garrison Relay disabled 2052 | -5/Garrison | Build established: Hauler-Tank 2141 | -5/Garrison | Spotted B-75 Beast 2169 | -5/Garrison | Destroyed B-75 Beast 2377 | -5/Garrison | Triggered checkpoint 2451 | -5/Garrison | Triggered checkpoint 2495 | -5/Garrison | Triggered checkpoint 2511 | -5/Garrison | Triggered checkpoint 2513 | -5/Garrison | Build established: Scavenger-Tank 2629 | -5/Garrison | Identified exit to Factory 2629 | -5/Garrison | Discovered exit to Factory (range 12) 2828 | -5/Garrison | Discovered exit to Factory (range 10) 2855 | -5/Garrison | Attempted to access garrison exit controls, blocked by remote lockdown 3121 | -5/Garrison | Entered Factory 3121 | -4/Factory | Evolved 2 slots: Utility x2 3309 | -4/Factory | Identified exit to Research 3438 | -4/Factory | Identified exit to DSF 3438 | -4/Factory | Entered DSF 3565 | -4/DSF | Additional patrols routed to DSF 3650 | -4/DSF | Lost 3 parts (2p1u) 3660 | -4/DSF | Discovered exit to Research (range 15) 3699 | -4/DSF | Entered Research 3699 | -3/Research | Evolved 2 slots: Propulsion x2 3719 | -3/Research | Lost 6 parts (1n3u2w) 3964 | -3/Research | Build established: Hauler-Mutant 4027 | -3/Research | Spotted B-86 Titan 4081 | -3/Research | Lost 3 parts (3u) 4189 | -3/Research | System corruption reached 10% 4219 | -3/Research | Lost 4 parts (2n1u1w) 4501 | -3/Research | Build established: Scavenger-Tank 4592 | -3/Research | Lost 4 parts (1p3w) 4693 | -3/Research | Lost 4 parts (1p2u1w) 4780 | -3/Research | Lost 5 parts (1p2n2u) 4821 | -3/Research | Core integrity fell below 50% 4833 | -3/Research | System corruption reached 30% 4864 | -3/Research | Lost 3 parts (2n1w) 4910 | -3/Research | Spotted B-86 Titan 4959 | -3/Research | Identified exit to Research 4959 | -3/Research | Discovered exit to Research (range 7) 4964 | -3/Research | Entered another Research area 4964 | -2/Research | Evolved 2 slots: Propulsion x2 5075 | -2/Research | Build established: Hacker-Mutant 5220 | -2/Research | Identified exit to Access 5397 | -2/Research | Entered Access 5397 | -1/Access | Evolved 2 slots: Utility x2 5458 | -1/Access | Garrison activated, responded to threat 5483 | -1/Access | Spotted B-99 Colossus 5562 | -1/Access | Spotted B-99 Colossus 5570 | -1/Access | Lost 11 parts (1p2n8u) 5627 | -1/Access | Lost 7 parts (1n4u2w) 5643 | -1/Access | Identified exit to Surface 5725 | -1/Access | Lost 3 parts (2p1w) 5821 | -1/Access | Spotted B-99 Colossus 5838 | -1/Access | Spotted B-99 Colossus 5839 | -1/Access | Core integrity fell below 50% 5855 | -1/Access | Core integrity fell below 20% 5871 | -1/Access | Destroyed by S-43 Plague with Heavy Machine Gun Last Messages --------------- 05842_ P-80 Master resets S-43 Plague, system corruption cleaned. 05845_ Drone sends a signal. 05846_ P-80 Master destroyed. 05847_ Penetrated by Slug. 05847_ Xenon Bombardment Thruster destroyed. 05847_ Penetrated by Slug. 05848_ Slammed into H-88 Terminator. 05851_ Penetrated by Slug. 05854_ Slug penetrates Wall. 05854_ Xenon Bombardment Thruster destroyed. 05856_ ALERT: Potential suspicious activity detected, Programmers report to Access Zone 5V. 05868_ Penetrated by Slug. 05868_ Slug penetrates Wall. 05870_ System corrupted: Component data lost. 05870_ Critical hit (Burn: +37). 05871_ P-80 Master resets A-15 Conveyor, system corruption cleaned. Map ----- +----------------------------------------------------+ | # ?????????????????????????????????????????? | | ###/###########????????????????????????????????? | | #????????????????????????????????? | | #????????????????????????????????? | | #????????????????????????????????? | | #????????????????????????????????? | | #####+###### #????????????????????????????????? | | ???????????# #????????????????????????????????? | | ???????????# #????????????????????????????????? | | ???????????# #????????????????????????????????? | | ???????????# #????????????????????????????????? | | ???????????# +????????????????????????????????? | | ???????????# #????????????????????????????????? | | ???????????# #????????????????????????????????? | | ???????????# #????????????????????????????????? | | ????######## #????????????????????????????????? | | ????# #????????????????????????????????? | | ????# #???????????################?????? | | ????# #???????????# #?????? | | ????# #???????????# ####### | | ????# ##############?????# / | | ????# #??????#""G""#?????# % ####### | | ??# ########"" ""####### #?????? | | # s^ ss Y # #?????? | | " + % pg s w % ###+############?????? | | "" # Agss @ #????????????????? | | ??# s % #????????????????? | | ????## ^ + ?????????? | | ?????# # ??????? | | ?????# #?? ?????? | | ?????# #???? ?????? | | ?????# k #??????####??????? | | ?????# #######+######### #????????????????? | | ???? #?????? ???????# #????????????????? | | ???? #?????? ???????# #????????????????? | | ??? #?????? ??????# #????????????????? | | ??? +?????? ??????# #????????????????? | | ???######?????? ??????# +????????????????? | | ??????????????? ???????# #????????????????? | | ????????????????????????# #????????????????? | | ???????????????????????? #????????????????? | | ????????????????????????? ?????????????????? | | ?????????????????????????????????????????????????? | | ?????????????????????????????????????????????????? | | ?????????????????????????????????????????????????? | | ?????????????????????????????????????????????????? | | ?????????????????????????????????????????????????? | | ?????????????????????????????????????????????????? | | ?????????????????????????????????????????????????? | | ?????????????????????????????????????????????????? | +----------------------------------------------------+ Best States ------------- Heat Dissipation 212 Energy Generation 47 Energy Capacity 2230 Matter Stores 300 Matter Capacity 300 Sight Range 16 Robot Scan Range 16 Terrain Scan Density 10 Corruption Block 19 Armor Coverage 1000 Resistance: KI 35 Resistance: TH 45 Resistance: EX 60 Resistance: EM 35 Resistance: I 35 Resistance: S 35 Resistance: P 35 Core Shielding 30 Propulsion Shielding 90 Point Defense Rating 160 Evasion (%) 62 Target Analysis 8 Recoil Reduction 6 Offensive Hacking 30 Item Schematics ----------------- None Robot Schematics ------------------ None Fabricated ------------ Nothing Repaired ---------- Nothing Alien Tech Used ----------------- None Achievements -------------- Packrat Whoosh! Challenges ------------ None Game ------ Seed TeslaKineticFlail Manual? 0 Play Time 01:07:34 Cumulative 98.8 hours Start 2025.05.17 @ 17:12:42 End 2025.05.17 @ 18:19:45 Sessions 1 Manual Loads 0 Difficulty Explorer Special Mode None Game No. 127 Rogue 49 Adventurer 59 Explorer 19 Win Type - Total 12 Types 10/0/2/0/0/0/0/0/0/0 Lore% 31 Gallery% 56 Achievement% 46 Wizard Run 0 Options --------- Layout 2 ASCII 0 Keyboard 1 Movement Arrows Keybinds 1 Fullscreen 2 Font 24/Smallcaps Map View 50x49 Zoom Use 0% Tactical HUD 1 Map Filters NONE Filters NONE Steam 1 RUN: d90aa193-f1fe-41e8-8e96-5607857aae30